 Dungeon Crawl Stone Soup version 0.20.1-1-g8b1a95d (webtiles) character file.

41 Reinor the Ducker (level 3, -2/16 HPs)
             Began as a Spriggan Earth Elementalist on July 6, 2017.
             Slain by Sigmund
             ... wielding a +2 scythe of protection
              (9 damage)
             ... on level 2 of the Dungeon.
             The game lasted 00:03:23 (1325 turns).

Reinor the Ducker (Spriggan Earth Elementalist)     Turns: 1325, Time: 00:03:24

Health: -2/16      AC:  2    Str:  4    XL:     3   Next: 32%
Magic:  8/8        EV: 19    Int: 17    God:
Gold:   125        SH:  0    Dex: 16    Spells: 5/8 levels left

rFire    . . .     SeeInvis +   h - +0 short sword (venom)
rCold    . . .     Gourm    .   (shield restricted)
rNeg     . . .     Faith    .   c - +0 robe
rPois    .         Spirit   .   (helmet restricted)
rElec    .         Reflect  .   (no cloak)
rCorr    .         Harm     .   (gloves unavailable)
MR       .....                  (boots unavailable)
Stlth    ++........             (no amulet)
Regen    0.1/turn               (no ring)
MPRegen  0.2/turn               (no ring)

@: very quick
A: unfitting armour, see invisible, herbivore 3, speed 3, slow metabolism 2
a: no special abilities


You were on level 2 of the Dungeon.
You were not hungry.

You visited 1 branch of the dungeon, and saw 2 of its levels.

You collected 125 gold pieces.

Inventory:

Hand Weapons
 h - a +0 short sword of venom (weapon)
Missiles
 b - 48 stones (quivered)
Armour
 c - a +0 robe (worn)
Scrolls
 f - a scroll of identify {unknown}
 g - a scroll of remove curse {unknown}
Potions
 a - a potion of lignification {unknown}
Books
 e - a book of Geomancy

   Spells                             Type                      Level
   a - Sandblast                      Earth                        1
   b - Passwall                       Transmutation/Earth          2
   c - Stone Arrow                    Conjuration/Earth            3
   d - Petrify                        Transmutation/Earth          4
   e - Lee's Rapid Deconstruction     Earth                        5
Comestibles
 d - 2 bread rations


   Skills:
 + Level 4.1 Dodging
 - Level 3.0 Stealth
 + Level 3.4 Spellcasting
 - Level 1.3 Transmutations
 + Level 3.1 Earth Magic


You had 5 spell levels left.
You knew the following spells:

 Your Spells              Type           Power        Failure   Level  Hunger
a - Sandblast             Erth           ##....       4%          1    None
b - Passwall              Tmut/Erth      ##........   10%         2    ##.....


Dungeon Overview and Level Annotations

Branches:
Dungeon (2/15)

Altars:

Annotations:
D:2 Sigmund


Innate Abilities, Weirdness & Mutations

You are very small and have problems with some larger weapons.
You are too small for most types of armour.
You have supernaturally acute eyesight. (SInv)
You are a herbivore.
You cover ground extremely quickly.
You need consume almost no food.


Message History

You now have 125 gold pieces (gained 15).
A goblin comes into view. It is wielding a club.
Found 2 bubbling cyan potions.
You see here 18 stones.
There are no items here.
The goblin shouts!
You hear a shout!
You see here 18 stones.
b - 48 stones (gained 18)
You hit the goblin.
The goblin is poisoned.
The goblin is severely wounded.
You kill the goblin!
Sigmund the Dreaded comes into view.
He is wielding a scythe of protection.
Found a club and 12 gold pieces.
You see here a club.
Sigmund hits you with a scythe of protection!
Ouch! That really hurt!
Found a leather armour.
Found an escape hatch in the ceiling.
Sigmund hits you with a scythe of protection!
Ouch! That really hurt!
You die...

...................
.........)....$.#
................#
..###........#### #
#....#..##
#....#.## #....#.#
#....).# ##.@.###
#..@# #.....).....#
...........##..
.....!......#
##............
##....$....#..
##..[..<.....
###...##.##


You could see Sigmund.

Vanquished Creatures
  An ooze (D:1)
  A leopard gecko (D:1)
  A ball python (D:1)
  2 bats (D:2)
  A giant cockroach (D:1)
  2 goblins
  3 hobgoblins (D:1)
  9 jackals (D:1)
  4 kobolds
  2 frilled lizards (D:1)
  6 rats (D:1)
32 creatures vanquished.

Notes
Turn   | Place    | Note
-------+----------+-------------------------------------------
     0 | D:1      | Reinor the Spriggan Earth Elementalist began the quest for the Orb.
     0 | D:1      | Reached XP level 1. HP: 9/9 MP: 5/5
   129 | D:1      | Reached XP level 2. HP: 10/13 MP: 1/6
   134 | D:1      | Learned a level 2 spell: Passwall
   522 | D:1      | Reached skill level 4 in Dodging
   621 | D:1      | Reached XP level 3. HP: 15/16 MP: 1/8
  1322 | D:2      | Noticed Sigmund
  1325 | D:2      | Slain by Sigmund

Skill      XL: |  1  2 |
---------------+-------+-----
Earth Magic    | 3 |  3.1
Dodging        | 4 |  4.1
Spellcasting   | 3 |  3.4
Stealth        | |  3.0
Transmutations | |  1.3

Action                   || total
-------------------------++-------
Melee: Unarmed           ||    61
       Short sword       ||     4
 Cast: Sandblast         ||    33
 Stab: Sleeping          ||     4
Armor: Robe              ||     6
Dodge: Dodged            ||    71
